 Dungeon Crawl Stone Soup version 0.16.0-16-g311141a (webtiles) character file.

2664 Chiseanne the Skirmisher (level 9, -9/71 HPs)
             Began as a Mummy Monk on Mar 19, 2015.
             Was a High Priest of Qazlal.
             Killed from afar by Joseph (14 damage)
             ... with a wand of fire
             ... on level 8 of the Dungeon.
             The game lasted 00:33:15 (7991 turns).

Chiseanne the Skirmisher (Mummy Monk)               Turns: 7991, Time: 00:33:16

Health: -9/71      AC: 22    Str: 15    XL:     9   Next: 36%
Magic:  9/9        EV:  6    Int: 10    God:    Qazlal [*****.]
Gold:   138        SH: 16    Dex: 15    Spells: 0 memorised, 8 levels left

rFire  . . .     SeeInvis .     s - +2 mace (protect)
rCold  + . .     Clarity  .     q - +2 chain mail {MR+}
rNeg   + + +     SustAb   .     f - +0 shield
rPois  ∞         Gourm    .     d - +0 helmet
rElec  .         Spirit   .     e - +0 cloak
rCorr  .         Warding  .     (no gloves)
rMut   .         Stasis   .     (no boots)
MR     ++...                    b - amulet of faith
Stlth  ..........               (no ring)
                                o - ring of protection from fire

@: protected from physical damage, very slightly contaminated, repel missiles,
very resistant to hostile enchantments, extremely unstealthy
A: no food or potions, fire vulnerability, restore body, cold resistance 1,
negative energy resistance 3, poison resistance, torment resistance, unbreathing
a: Upheaval, Elemental Force, Disaster Area, Renounce Religion


You were on level 8 of the Dungeon.
You worshipped Qazlal.
Qazlal was extremely pleased with you.
You were not hungry.

You visited 1 branch of the dungeon, and saw 8 of its levels.

You collected 237 gold pieces.
You spent 99 gold pieces at shops.

Inventory:

Hand weapons
 a - a +2 dagger of draining
 s - a +2 mace of protection (weapon)
Missiles
 i - 14 poisoned arrows
 j - 15 poisoned needles
 k - 6 needles of confusion
 m - 58 arrows
Armour
 d - a +0 helmet (worn)
 e - a +0 cloak (worn)
 f - a +0 shield (worn)
 q - a +2 chain mail of magic resistance (worn)
Jewellery
 b - an amulet of faith (around neck)
 o - a ring of protection from fire (left hand)
Magical devices
 t - a wand of fireball (0)
Scrolls
 c - a scroll of recharging
 g - a scroll of amnesia
 h - 6 scrolls of identify
 l - a scroll of remove curse
 n - 2 scrolls of teleportation


   Skills:
 * Level 6.8 Fighting
 * Level 6.0 Armour
 - Level 3.1 Dodging
 - Level 1.5 Stealth
 * Level 6.7 Shields
 - Level 3.2 Unarmed Combat


You had 8 spell levels left.
You didn't know any spells.

Dungeon Overview and Level Annotations

Branches:
Dungeon (8/15)             Temple (0/1) D:7
   Lair: D:8-11

Altars:
Kikubaaqudgha
Qazlal
Ru

Shops:
D:6 ([

Annotations:
D:6 exclusion: 4 doors
D:8 Joseph, Prince Ribbit


Innate Abilities, Weirdness & Mutations

You do not eat or drink.
Your flesh is vulnerable to fire.
Your flesh is cold resistant.
You are immune to negative energy.
Your system is resistant to poisons.
You are immune to unholy pain and torment.
You can survive without breathing.


Message History

You hear a blaring wail to the northeast.
A mummy comes into view.
You hear a shout!
The wasp zombie hits you but does no damage.
Prince Ribbit hits you.
* * * LOW HITPOINT WARNING * * *
You feel more protected from physical attacks.
The adder bites you but does no damage. You block the hound's attack.
Prince Ribbit croaks regally.
You block Prince Ribbit's attack.
Prince Ribbit blinks!
The wasp zombie hits you but does no damage.
Read which item? (? for menu, Esc to quit)
Blink to where?
Press: ? - help, Dir - move target cursor You are very lightly contaminated with residual magic.
As you read the scroll of blinking, it crumbles to dust.
Joseph, a Mercenary comes into view.
He is wielding a quarterstaff.
Joseph shouts!
You hear a shout!
You hear a shout!
Joseph zaps a wand.
The bolt of fire hits you!
You die...

.#......### #.#
#.#........ #%...
#........M . .... #.
#.......# . ......
##.......# #. #.. .#
.....s..# #.##....#
......Y######....#.#
.#...OhZ§.......§..###.#
......h§.§######@.@....#
#####..§...# #.#.##....
#......# #.# # #.F......
#.# #......#.. ...
#......#.. ... ........
... ..... ..... ...


You could see Joseph.

Vanquished Creatures
  Grinder (D:3)
  A hungry ghost (D:7)
  A human (D:7)
  Edmund (D:4)
  A sky beast (D:8)
  2 orc warriors (D:6)
  A phantom (D:4)
  An ice beast (D:6)
  2 ogres
  Duvessa (D:4)
  A wyvern zombie (D:5)
  2 giant frogs
  Dowan (D:4)
  A crimson imp (D:6)
  A goliath beetle (D:6)
  7 orc wizards
  4 hounds
  3 orc priests
  2 giant frog skeletons
  Natasha (thrice) (D:5)
  4 sheep (D:7)
  5 worker ants
  3 iguanas
  A hound skeleton (D:4)
  Terence (D:2)
  4 gnolls (D:4)
  5 adders
  A shadow imp (D:5)
  4 giant mites
  2 worms
  4 giant geckos
  2 oozes
  20 orcs
  4 bat skeletons
  15 goblins
  15 hobgoblins
  A quokka (D:2)
  11 bats
  7 giant cockroaches
  7 giant newts
  3 giant spores
  7 jackals
  14 kobolds
  15 rats
  17 ballistomycetes
209 creatures vanquished.

Vanquished Creatures (others)
  A scorpion (D:7)
1 creature vanquished.

Grand Total: 210 creatures vanquished

Notes
Turn   | Place    | Note
--------------------------------------------------------------
     0 | D:1      | Chiseanne, the Mummy Monk, began the quest for the Orb.
     0 | D:1      | Reached XP level 1. HP: 18/18 MP: 1/1
   461 | D:1      | Reached XP level 2. HP: 18/24 MP: 2/2
  1494 | D:2      | Noticed Terence
  1518 | D:2      | Killed Terence
  1518 | D:2      | Reached XP level 3. HP: 7/29 MP: 3/3
  2013 | D:2      | Reached XP level 4. HP: 34/37 MP: 4/4
  2120 | D:2      | Reached skill level 1 in Shields
  2132 | D:2      | Reached skill level 1 in Armour
  2207 | D:2      | Reached skill level 4 in Fighting
  2368 | D:3      | Noticed Grinder
  2401 | D:3      | Paralysed by Grinder for 5 turns
  2415 | D:3      | Killed Grinder
  2415 | D:3      | Reached XP level 5. HP: 15/43 MP: 5/5
  2415 | D:3      | Reached XP level 6. HP: 17/49 MP: 6/6
  2745 | D:3      | Found a stormy altar of Qazlal.
  2747 | D:3      | Noticed an air elemental
  2749 | D:3      | Noticed a fire elemental
  2752 | D:3      | Noticed a water elemental
  2783 | D:3      | Became a worshipper of Qazlal Stormbringer
  2783 | D:3      | Acquired Qazlal's first power
  2783 | D:3      | Acquired Qazlal's second power
  2921 | D:3      | Reached skill level 5 in Fighting
  3335 | D:4      | Reached XP level 7. HP: 36/56 MP: 7/7
  3387 | D:4      | Noticed Dowan
  3721 | D:4      | Noticed Duvessa
  3725 | D:4      | Killed Duvessa
  3734 | D:4      | Killed Dowan
  4013 | D:4      | Acquired Qazlal's third power
  4191 | D:4      | Noticed Edmund
  4205 | D:4      | Killed Edmund
  4205 | D:4      | Reached skill level 6 in Fighting
  4205 | D:4      | Reached XP level 8. HP: 62/64 MP: 8/8
  4503 | D:5      | Entered Level 5 of the Dungeon
  4528 | D:5      | Found a sacrificial altar of Ru.
  5012 | D:5      | Noticed Natasha
  5098 | D:5      | Killed Natasha
  5200 | D:5      | Noticed Natasha
  5202 | D:5      | Killed Natasha
  5280 | D:5      | Noticed Natasha
  5284 | D:5      | Killed Natasha
  5284 | D:5      | Acquired Qazlal's fourth power
  5587 | D:6      | Reached skill level 5 in Shields
  5626 | D:6      | Noticed a six-headed hydra
  6158 | D:6      | Found Schajuag's Antique Armour Shop.
  6161 | D:6      | Bought a runed chain mail for 99 gold pieces
  6236 | D:6      | Found Fiof's Weapon Boutique.
  6307 | D:6      | Reached skill level 5 in Armour
  6601 | D:6      | Noticed a six-headed hydra
  6769 | D:7      | Reached XP level 9. HP: 64/71 MP: 9/9
  6867 | D:7      | Found an ancient bone altar of Kikubaaqudgha.
  6908 | D:7      | Found a staircase to the Ecumenical Temple.
  7826 | D:7      | Acquired Qazlal's fifth power
  7983 | D:8      | Noticed Prince Ribbit
  7991 | D:8      | Noticed Joseph
  7991 | D:8      | Killed from afar by Joseph

Action                   |  1- 3 |  4- 6 |  7- 9 || total
-------------------------+-------+-------+-------++-------
Melee: Unarmed           |   186 |   170 |       ||   356
       Hand axe          |       |    10 |    62 ||    72
       Dagger            |       |       |   362 ||   362
       Mace              |       |       |    58 ||    58
Evoke: Wand              |       |     2 |     4 ||     6
  Use: Scroll            |     1 |     4 |     7 ||    12
 Stab: Sleeping          |     2 |       |       ||     2
